 Dungeon Crawl Stone Soup version 0.27.0-1-g7a089689b8 (webtiles) character file.

Game seed: 1803251097689238214

4 Colgate the Sneak (level 1, 11/11 HPs)
             Began as a Spriggan Delver on Aug 13, 2021.
             Was an Initiate of Hepliaklqana.
             Quit the game on level 4 of the Dungeon.
             The game lasted 00:01:38 (248 turns).

Colgate the Sneak (Spriggan Delver)                  Turns: 248, Time: 00:01:39

Health: 11/11      AC:  2    Str:  8    XL:     1   Next: 50%
Magic:  2/2        EV: 17    Int: 11    God:    Hepliaklqana [......]
Gold:   23         SH:  0    Dex: 16    Spells: 0/0 levels left

rFire    . . .     SeeInvis +   a - +0 short sword
rCold    . . .     Faith    .   (shield restricted)
rNeg     . . .     Spirit   .   b - +0 robe
rPois    .         Reflect  .   (helmet restricted)
rElec    .         Harm     .   (no cloak)
rCorr    .         Rampage  .   (gloves unavailable)
Will     .....                  (boots unavailable)
Stlth    ++++......             (no amulet)
HPRegen  0.03/turn              (no ring)
MPRegen  0.08/turn              (no ring)

@: very quick
A: very small, no large weapons, unfitting armour, see invisible, speed 3
a: Renounce Religion


You were on level 4 of the Dungeon.
You worshipped Hepliaklqana.
Hepliaklqana was noncommittal.
You visited 1 branch of the dungeon, and saw 2 of its levels.

You collected 23 gold pieces.

Inventory:

Hand Weapons
 a - a +0 short sword (weapon)
Missiles
 d - 25 stones (quivered)
 h - 18 sling bullets
Armour
 b - a +0 robe (worn)
Wands
 g - a wand of digging (3)
Scrolls
 c - a scroll of fog
 e - a scroll of fear
Potions
 f - a potion of haste


   Skills:
 + Level 2.4 Fighting
 + Level 2.1 Short Blades
 + Level 2.9 Dodging
 + Level 7.4 Stealth


You couldn't memorise any spells.
You didn't know any spells.
Your spell library contained the following spells:

 Spells                   Type           Power      Damage    Failure   Level
 Freeze                   Ice            0%         1d3       34%         1
 Corpse Rot               Necr/Air       N/A        N/A       47%         2
 Frozen Ramparts          Ice            0%         1d2       71%         3
 Dispel Undead            Necr           0%         3d6       98%         4
 Hailstorm                Conj/Ice       0%         3d3       98%         4
 Death Channel            Necr           0%         N/A       100%        6


Dungeon Overview and Level Annotations

Branches:
Dungeon (5/15)
 Temple: D:4-7

Altars:
Fedhas
Hepliaklqana
Sif Muna


Innate Abilities, Weirdness & Mutations

You are very small and have problems with some larger weapons.
You are too small for most types of armour.
You have supernaturally acute eyesight. (SInv)
You cover ground extremely quickly. (Speed+++)


Message History

Search for what [? for help]? d:5 Unknown command.
There is a stone staircase leading up here.
You climb upwards.
There is a stone staircase leading down here.
You now have 9 gold pieces.
You now have 23 gold pieces (gained 14).
Found a leather armour.
You pick up a book of Decay and begin reading...
You add the spells Corpse Rot, Dispel Undead and Death Channel to your library.
Found 25 stones.
You see here 25 stones.
d - 25 stones A ball python comes into view.
Okay, then.
The helpless ball python fails to defend itself.
You impale the ball python!!
You kill the ball python!
As you open the door, it creaks loudly!
Found 18 sling bullets.
There is an open door here.
You see here 18 sling bullets.
h - 18 sling bullets You open the door.
There is an open door here.
Found a stone staircase leading up.
A kobold comes into view. It is wielding a +0 whip.
There is a stone staircase leading up here.
The helpless kobold fails to defend itself.
You impale the kobold!!
You kill the kobold!
You see here a +0 whip.
There is an open door here.
You open the door.
There is an open door here. 2 hobgoblins and an orc come into view.
The helpless hobgoblin fails to defend itself.
You impale the hobgoblin!!
You kill the hobgoblin!
Are you sure you want to abandon this character and quit the game? (Confirm with "yes".)

.# .# .## ..# ###
..#######^##### #####
...........#..# ......
..#######.##..####...... .##
#..##.#.#....... .#
#....#.#@....... .#
#.###.#.#...o... '##
#.##..####.g.... ..## #..#..#
...... ...## #.##### ########
## ....## #..## #.#.#.#####.#
.....####...#####.#.#.......##
.....'.......................+
.....####...#..##.#.##....####


You could see an orc (asleep) and a hobgoblin (asleep).

Vanquished Creatures
  A ball python (D:4)
  A hobgoblin (D:4)
  A kobold (D:4)
3 creatures vanquished.

Notes
Turn   | Place    | Note
-------+----------+-------------------------------------------
     0 | D:5      | Colgate the Spriggan Delver began the quest for the Orb.
     0 | D:5      | Reached XP level 1. HP: 11/11 MP: 2/2
     7 | D:5      | Found a shimmering blue altar of Sif Muna.
     8 | D:5      | Found a blossoming altar of Fedhas.
     9 | D:5      | Found a hazy altar of Hepliaklqana.
    14 | D:5      | Became a worshipper of Hepliaklqana the Forgotten
   248 | D:4      | Quit the game

Illustrated notes

Levels and vault maps discovered:
D:4:      layout_loops_corners, yredelemnul_altar_generic,
          minmay_temple_entry_glass, minmay_misc_feat_tower, wad_rectangle_vault
D:5:      layout_basic, dancing_weapons_uskayaw,
          gammafunk_temple_overflow_forgotten, kennysheep_generic_room_6

Action                   || total
-------------------------++-------
Melee: Short sword       ||     3
  Use: Scroll            ||     1
 Stab: Sleeping          ||     3
